 Dungeon Crawl Stone Soup version 0.31-a0-182-gc5ef74bbde (webtiles) character file.

Game seed: 15685448687453541921

25 IdlyInterested the Trooper (level 2, 0/24 HPs)
             Began as a Demonspawn Fighter on June 20, 2023.
             Succumbed to an adder's poison
             ... on level 2 of the Dungeon.
             The game lasted 00:02:27 (890 turns).

IdlyInterested the Trooper (Demonspawn Fighter)      Turns: 890, Time: 00:02:28

Health: 0/24       AC:  7    Str: 16    XL:     2   Next: 82%
Magic:  2/2        EV:  6    Int:  9    God:
Gold:   64         SH:  4    Dex: 12    Spells: 1/1 levels left

rFire   . . .        a - +0 long sword
rCold   . . .        c - +0 buckler
rNeg    . . .        b - +0 scale mail
rPois   .            (no helmet)
rElec   .            n - +0 cloak
rCorr   .            (no gloves)
SInv    .            (no boots)
Will    .....        (no amulet) Stlth
                     (no ring)
HPRegen 0.24/turn    (no ring)
MPRegen 0.08/turn

%: no passive effects
@: lethally poisoned (0 -> -5), constricted
A: claws 1
a: no special abilities


You were on level 2 of the Dungeon.
You visited 1 branch of the dungeon, and saw 2 of its levels.

You collected 64 gold pieces.

Inventory:

Hand Weapons
 a - a +0 long sword (weapon)
 g - a +0 mace
 i - a +0 trident
 l - a +0 falchion
Missiles
 e - 2 poisoned darts
 f - 29 stones
Armour
 b - a +0 scale mail (worn)
 c - a +0 buckler (worn)
 n - a +0 cloak (worn)
Scrolls
 h - a scroll of teleportation {unknown}
 j - 2 scrolls of revelation {unknown}
 k - a scroll of blinking {unknown}
Potions
 d - a potion of might
 m - a potion of invisibility


   Skills:
 * Level 3.6 Fighting
 - Level 2.0 Long Blades
 - Level 3.0 Armour
 + Level 0.5 Dodging
 + Level 2.7 Shields


You had one spell level left.
You didn't know any spells.
Your spell library was empty.

Dungeon Overview and Level Annotations

Branches:
Dungeon (2/15)

Altars:


Innate Abilities, Weirdness & Mutations

You have sharp fingernails.


Message History

You barely miss the adder.
You feel sick.
A bat comes into view.
You barely miss the adder.
You feel sick. The adder barely misses you.
The ball python bites you but does no damage.
The ball python grabs you. The ball python constricts you.
You block the adder's attack. The ball python bites you.
The ball python constricts you.
You barely miss the adder.
You feel sick.
You are no longer poisoned.
You block the adder's attack. The ball python barely misses you.
The ball python constricts you. You block the adder's attack.
You hit the adder but do no damage.
The ball python bites you but does no damage.
The ball python constricts you. The adder bites you but does no damage.
You block the ball python's attack. The ball python constricts you.
The adder bites you.
You hit the adder.
The adder is lightly wounded.
The ball python bites you but does no damage.
The ball python constricts you. The adder barely misses you.
You barely miss the adder.
The adder is lightly wounded.
The adder bites you but does no damage. The ball python bites you.
* * * LOW HITPOINT WARNING * * *
The ball python constricts you. The adder bites you but does no damage.
The ball python bites you but does no damage.
The ball python constricts you.
You hit the adder.
The adder is moderately wounded.
The adder bites you.
* * * LOW HITPOINT WARNING * * *
You are lethally poisoned!
The adder poisons you! The ball python bites you.
* * * LOW HITPOINT WARNING * * *
The ball python constricts you. The adder bites you but does no damage.
You block the ball python's attack. The ball python constricts you.
Okay, then.
You closely miss the adder.
The adder is moderately wounded.
You die...

.... ####### ##g...
#.....# .....#
#.....# #.....#
#.....# .......
#.<...#
.......##......
###b[.....>......#
##@Sg..........†..#
...
##.S###....##......#
.... #..##
...###...... ...#
#####.## . # ####.##
... ##.....# ..
#.###..##### .## .
#.......# ..
..###......###. ..
#...............


You could see an adder, a hobgoblin, a bat and a ball python.

Vanquished Creatures
  3 dart slugs (D:1)
  3 giant cockroaches
  4 hobgoblins
  2 quokkas (D:1)
  A ball python (D:2)
  A bat (D:2)
  A frilled lizard (D:2)
  2 kobolds
  A rat (D:1)
18 creatures vanquished.

Notes
Turn   | Place    | Note
-------+----------+-------------------------------------------
     0 | D:1      | IdlyInterested the Demonspawn Fighter began the quest for
                  | the Orb.
     0 | D:1      | Reached XP level 1. HP: 18/18 MP: 1/1
   173 | D:1      | Gained mutation: You have sharp fingernails. [demonic
                  | ancestry]
   173 | D:1      | Reached XP level 2. HP: 23/24 MP: 2/2
   890 | D:2      | Succumbed to an adder's poison

Illustrated notes

Levels and vault maps discovered:
D:1:      tarquinn_simple_flora_water_c, layout_basic,
          chequers_serial_rivers_micro_e
D:2:      layout_rooms, grunt_decor_fettered, minmay_pentomino_q4

Skill      XL: |  1  2 |
---------------+-------+-----
Long Blades    | 2 |  2.0
Armour         | 3 |  3.0
Fighting       | |  3.6
Dodging        | |  0.5
Shields        | |  2.7

Action                     || total
---------------------------++-------
  Melee: Long sword        ||    69
    Use: Scroll            ||     1
 Armour: Scale mail        ||    37
  Dodge: Dodged            ||    25
  Block: Buckler           ||    27

Table legend: (Time is in decaauts)
 A = Elapsed time spent in this place.
 B = Non-inter-level travel time spent in this place.
 C = Inter-level travel time spent in this place.
 D = Time resting spent in this place.
 E = Time spent auto-exploring this place.
 F = Levels seen in this place.
 G = Mean time per level.
                   A        B        C        D        E       F      G
               +--------+--------+--------+--------+--------+-----+--------+
         Total |    913 |    789 |    124 |     61 |    485 |   2 |  456.5 |
       Dungeon |    913 |    789 |    124 |     61 |    485 |   2 |  456.5 |
               +--------+--------+--------+--------+--------+-----+--------+

Top non-repeatable levels by time:
     D:1: 771 daAuts
     D:2: 142 daAuts
